 Dungeon Crawl Stone Soup version 0.19.5 (webtiles) character file.

489 truemonolith the Insei (level 6, -6/51 HPs)
             Began as a Draconian Monk on Mar 6, 2017.
             Mangled by Duvessa
             ... wielding a +0 short sword
              (15 damage)
             ... on level 4 of the Dungeon.
             The game lasted 00:09:09 (5388 turns).

truemonolith the Insei (Draconian Monk)             Turns: 5388, Time: 00:09:10

Health: -6/51      AC:  6    Str: 13    XL:     6   Next: 90%
Magic:  6/6        EV: 13    Int: 10    God:
Gold:   172        SH:  0    Dex: 16    Spells: 0 memorised, 5 levels left

rFire  . . .     SeeInvis .       - Unarmed
rCold  . . .     Gourm    .     (armour unavailable)
rNeg   . . .     Faith    .     (no shield)
rPois  .         Spirit   .     (helmet restricted)
rElec  .         Reflect  .     (no cloak)
rCorr  .         Harm     .     (no gloves)
MR     .....                    (no boots)
Stlth  ++........               (no amulet)
                                (no ring)
                                (no ring)

@: lethally poisoned (-6 -> -10)
A: unfitting armour, cold-blooded, AC +6
a: no special abilities


You were on level 4 of the Dungeon.
You were not hungry.

You visited 1 branch of the dungeon, and saw 6 of its levels.

You collected 172 gold pieces.

Inventory:

Scrolls
 b - a scroll of recharging {unknown}
 c - a scroll of enchant weapon {unknown}
 d - a scroll of magic mapping
 i - a scroll of blinking {unknown}
 j - 3 scrolls of random uselessness {unknown}
 l - 4 scrolls of identify {unknown}
Potions
 e - a potion of agility {unknown}
 g - a potion of degeneration
Comestibles
 a - 2 bread rations
 f - 2 beef jerkies
 m - a slice of pizza
 o - a meat ration


   Skills:
 - Level 3.2 Fighting
 - Level 2.6 Dodging
 - Level 1.7 Stealth
 + Level 7.9 Unarmed Combat


You had 5 spell levels left.
You didn't know any spells.

Dungeon Overview and Level Annotations

Branches:
Dungeon (6/15)
 Temple: D:4-7

Altars:
Ashenzari
Fedhas
Sif Muna
Yredelemnul

Shops:
D:5 %

Annotations:
D:4 Duvessa


Innate Abilities, Weirdness & Mutations

Your plain brown scales are hard. (AC +6)
You cannot fit into any form of body armour.
You are cold-blooded and may be slowed by cold attacks.


Message History

Dowan says, "Stay away from my face!"
Dowan closely misses you.
You hit Dowan.
You kill Dowan!
Duvessa screams, "No!
How DARE you!"
Duvessa goes berserk!
You feel sick. Duvessa hits you with a short sword.
You feel sick. Duvessa misses you.
Things that are here:
a dagger of venom; a robe; the elf corpse of Dowan You punch Duvessa!
Duvessa is heavily wounded.
Duvessa hits you with a short sword!
* * * LOW HITPOINT WARNING * * *
You hit Duvessa.
Duvessa is severely wounded.
You feel sick. Duvessa misses you.
You barely miss Duvessa.
Duvessa is severely wounded.
Duvessa hits you but does no damage. Duvessa hits you with a short sword!
You die...

.................##..#
#.#
...#...#...#..>......#
#(#
.|........[......##.##
#.######
...#...#...#.....##.#
#.......
............#.#####.#
#.######
############........#
#.###### .(...##
#.......#### #.......
###...# ##.##.##.#
#.#####.
......###..##.##@# #.#
#. ###......#.##.##e##
#.# #.
##.##....##.....# #.#
#. #.###########..#
#.#####. #.# #..#
#....... #.# #..#
#######. #.# #..# ##.
#.# #..# ###.. #.#
#..# #...#


You could see Duvessa (berserk).

Vanquished Creatures
  Dowan (D:4)
  A scorpion (D:4)
  4 hounds (D:4)
  An iguana (D:4)
  A worker ant (D:3)
  An orc wizard (D:4)
  3 gnolls (D:2)
  6 adders
  2 worms
  5 leopard geckos
  6 orcs
  A ball python (D:2)
  9 bats
  5 giant cockroaches
  3 goblins (D:1)
  9 hobgoblins
  6 jackals (D:2)
  2 quokkas (D:4)
  10 frilled lizards
  10 kobolds
  11 rats
  A spectral orc (D:2)
98 creatures vanquished.

Notes
Turn   | Place    | Note
-------+----------+-------------------------------------------
     0 | D:1      | truemonolith the Draconian Monk began the quest for the Orb.
     0 | D:1      | Reached XP level 1. HP: 19/19 MP: 1/1
   385 | D:1      | Reached XP level 2. HP: 23/26 MP: 2/2
   600 | D:1      | Reached skill level 4 in Unarmed Combat
   762 | D:1      | Reached XP level 3. HP: 23/31 MP: 3/3
   887 | D:2      | Found a faded altar of an unknown god.
  1322 | D:2      | Reached skill level 5 in Unarmed Combat
  1322 | D:2      | Reached XP level 4. HP: 19/38 MP: 4/4
  1882 | D:2      | Found a basalt altar of Yredelemnul.
  2116 | D:2      | Found a shattered altar of Ashenzari.
  2836 | D:3      | Found a blossoming altar of Fedhas.
  2870 | D:3      | Reached XP level 5. HP: 42/45 MP: 5/5
  2974 | D:3      | Found a blossoming altar of Fedhas.
  3025 | D:3      | Reached skill level 6 in Unarmed Combat
  3405 | D:3      | You fall through a shaft for 3 floors!
  3405 | D:6      | Noticed an ogre
  3445 | D:5      | Entered Level 5 of the Dungeon
  3458 | D:5      | Found Ohavvuij's Food Boutique.
  4433 | D:4      | Reached XP level 6. HP: 50/51 MP: 6/6
  4453 | D:4      | Noticed Duvessa
  4453 | D:4      | Noticed Dowan
  4491 | D:4      | Reached skill level 7 in Unarmed Combat
  4838 | D:4      | Found a deep blue altar of Sif Muna.
  5384 | D:4      | Killed Dowan
  5388 | D:4      | Mangled by Duvessa

Skill      XL: |  1  2  3  4  5  6 |
---------------+-------------------+-----
Unarmed Combat | 4 5 6 7 |  7.9
Fighting       | |  3.2
Dodging        | |  2.6
Stealth        | |  1.7

Action                   |  1- 3 |  4- 6 || total
-------------------------+-------+-------++-------
Melee: Unarmed           |   185 |   251 ||   436
       Tailslap          |    20 |    24 ||    44
       Punch             |     3 |     8 ||    11
  Use: Potion            |     2 |     3 ||     5
       Scroll            |       |     4 ||     4
 Stab: Sleeping          |     1 |     2 ||     3
  Eat: Chunk             |     1 |     2 ||     3
       Bread ration      |       |     3 ||     3
Armor: Skin              |    62 |    88 ||   150
Dodge: Dodged            |   160 |   172 ||   332
